 Dungeon Crawl Stone Soup version 0.26.0-10-g1f06aea511 (webtiles) character file.

Game seed: 12854826717456009072

1425 Dracia the Insei (level 8, 0/73 HPs)
             Began as a Gnoll Transmuter on Jan 14, 2021.
             Was a Priest of Wu Jian.
             Slain by a killer bee (7 damage)
             ... on level 7 of the Dungeon.
             The game lasted 00:11:41 (6912 turns).

Dracia the Insei (Gnoll Transmuter)                 Turns: 6912, Time: 00:11:42

Health: 0/73       AC:  6    Str: 13    XL:     8   Next: 72%
Magic:  17/17      EV: 13    Int: 16    God:    Wu Jian [***...]
Gold:   318        SH:  0    Dex: 17    Spells: 4/19 levels left

rFire    x . .     SeeInvis +     - Unarmed
rCold    + + +     Faith    .   (shield currently unavailable)
rNeg     . . .     Spirit   .   (armour currently unavailable)
rPois    +         Reflect  .   (helmet currently unavailable)
rElec    .         Harm     .   (cloak currently unavailable)
rCorr    .         Rampage  .   (gloves currently unavailable)
Will     .....                  (boots currently unavailable)
Stlth    ++++......             g - amulet of regeneration
HPRegen  0.62/turn              v - ring of see invisible
MPRegen  0.15/turn              Q - ring of stealth

@: ice-form
A: large, distributed training, strong nose
a: End Transformation, Renounce Religion, Wall Jump, Serpent's Lash


You were on level 7 of the Dungeon.
You worshipped Wu Jian.
Wu Jian was most pleased with you.
You were a creature of crystalline ice.
You visited 1 branch of the dungeon, and saw 7 of its levels.
You also visited: Sewer.

You collected 318 gold pieces.


Innate Abilities, Weirdness & Mutations

Your experience applies equally to all skills.
((You have very sharp teeth.))
Your uncanny sense of smell can sniff out nearby items.


   Skills:
 + Level 4.4 Fighting
 + Level 3.5 Short Blades
 + Level 3.5 Long Blades
 + Level 3.5 Axes
 + Level 3.5 Maces & Flails
 + Level 3.5 Polearms
 + Level 3.5 Staves
 + Level 3.5 Slings
 + Level 3.5 Bows
 + Level 3.5 Crossbows
 + Level 3.5 Throwing
 + Level 3.5 Armour
 + Level 5.8 Dodging
 + Level 3.5 Stealth
 + Level 3.5 Shields
 + Level 7.5 Unarmed Combat
 + Level 6.2 Spellcasting
 + Level 2.9 Conjurations
 + Level 2.9 Hexes
 + Level 2.9 Summonings
 + Level 2.9 Necromancy
 + Level 2.9 Translocations
 + Level 4.8 Transmutations
 + Level 2.9 Fire Magic
 + Level 2.9 Ice Magic
 + Level 2.9 Air Magic
 + Level 2.9 Earth Magic
 + Level 2.9 Poison Magic
 + Level 3.9 Invocations
 + Level 3.5 Evocations


You had 4 spell levels left.
You knew the following spells:

 Your Spells              Type           Power        Failure   Level
b - Blade Hands           Tmut           10%          45%         5
c - Ice Form              Ice/Tmut       17%          26%         4
e - Beastly Appendage     Tmut           40%          1%          1
s - Spider Form           Tmut/Pois      8%           9%          3
X - Wereblood             Tmut           20%          2%          2

Your spell library contained the following spells:

 Spells                   Type           Power        Failure   Level
 Animate Skeleton         Necr           28%          4%          1
 Apportation              Tloc           28%          4%          1
 Corona                   Hex            15%          4%          1
 Summon Small Mammal      Summ           56%          4%          1

Inventory:

Missiles
 b - 25 poisoned darts
 d - 5 curare-tipped darts {=f=f}
 x - a throwing net {=f=f}
Armour
 a - a +0 robe (melded)
 s - a scarf of resistance (melded)
 u - a +1 helmet (melded)
Jewellery
 f - an uncursed ring of fire
 g - an amulet of regeneration (around neck)
 v - a ring of see invisible (left front paw)
 y - an uncursed ring of fire
 F - an uncursed ring of fire
 Q - a ring of stealth (right front paw)
Wands
 q - a wand of random effects (16)
 r - a wand of iceblast (24)
 t - a wand of paralysis (17)
Scrolls
 e - a scroll of enchant armour
 i - a scroll of amnesia {unknown}
 j - a scroll of fog {unknown}
 k - 6 scrolls of identify {unknown}
 l - a scroll of teleportation {@r4@r4}
 m - a scroll of blinking
 n - 3 scrolls of fear
 w - 2 scrolls of magic mapping
 A - a scroll of remove curse {@r2@r2}
Potions
 c - 2 potions of might
 h - 2 potions of flight
 o - 9 potions of curing {@q1@q1}
 p - 5 potions of heal wounds {@q2@q2}
 z - a potion of resistance

Dungeon Overview and Level Annotations

Branches:
Dungeon (7/15)             Temple (0/1) D:5           Sewer (visited)

Altars:
Cheibriados
Dithmenos
Kikubaaqudgha
Makhleb
Okawaru
Ru
Sif Muna
Wu Jian
Yredelemnul

Shops:
D:4 ( D:7

( #############
##.....#.....##
##.............##
#<..........)...###
#......?....>..... ##
#...............# ..
#†.............†#####.##.##
#.†............Yy.†........
#......^........#####.####.
##........$.....# #
##............∩#
#....########...# #....#
###.# ###.## ... #. ##.


You could see a killer bee.


Message History

The killer bee is heavily wounded.
The killer bee misses you. The killer bee stings you!
* * * LOW HITPOINT WARNING * * *
You are poisoned.
The killer bee poisons you!
The jackal bites you but does no damage.
You feel better. The killer bee misses you.
The jackal bites you but does no damage.
The killer bee stings you!
* * * LOW HITPOINT WARNING * * *
You feel much better. The killer bee barely misses you.
The jackal barely misses you. The killer bee stings you.
* * * LOW HITPOINT WARNING * * *
The jackal bites you but does no damage.
Unknown command.
You closely miss the killer bee.
The killer bee is heavily wounded.
The killer bee completely misses you. The jackal barely misses you.
The killer bee barely misses you.
Unknown command.
You pummel the jackal!! You freeze the jackal.
You kill the jackal!
The Council accepts your kill. The killer bee barely misses you.
You closely miss the killer bee.
The killer bee is heavily wounded.
The killer bee stings you.
* * * LOW HITPOINT WARNING * * *
The killer bee stings you!
You die...

Skill      XL: |  1  2  3  4  5  6  7  8 |
---------------+-------------------------+-----
Spellcasting   | 5 6 |  6.2
Invocations    | 1 2 3 |  3.9
Short Blades   | 1 2 3 |  3.5
Long Blades    | 1 2 3 |  3.5
Axes           | 1 2 3 |  3.5
Maces & Flails | 1 2 3 |  3.5
Polearms       | 1 2 3 |  3.5
Staves         | 1 2 3 |  3.5
Slings         | 1 2 3 |  3.5
Bows           | 1 2 3 |  3.5
Crossbows      | 1 2 3 |  3.5
Throwing       | 1 2 3 |  3.5
Armour         | 1 2 3 |  3.5
Stealth        | 1 2 3 |  3.5
Shields        | 1 2 3 |  3.5
Evocations     | 1 2 3 |  3.5
Conjurations   | 1 2 |  2.9
Hexes          | 1 2 |  2.9
Summonings     | 1 2 |  2.9
Necromancy     | 1 2 |  2.9
Translocations | 1 2 |  2.9
Fire Magic     | 1 2 |  2.9
Ice Magic      | 1 2 |  2.9
Air Magic      | 1 2 |  2.9
Earth Magic    | 1 2 |  2.9
Poison Magic   | 1 2 |  2.9
Fighting       | 3 4 |  4.4
Transmutations | 4 |  4.8
Dodging        | 5 |  5.8
Unarmed Combat | 7 |  7.5

Action                   |  1- 3 |  4- 6 |  7- 9 || total
-------------------------+-------+-------+-------++-------
Melee: Unarmed           |    76 |   205 |   128 ||   409
       Bite              |     5 |    11 |     6 ||    22
       Headbutt          |     4 |    14 |     7 ||    25
       Kick              |     3 |    26 |     6 ||    35
       Punch             |     2 |     4 |       ||     6
 Cast: Beastly Appendage |    13 |    21 |     5 ||    39
       Spider Form       |       |     8 |     6 ||    14
       Wereblood         |       |     1 |       ||     1
       Ice Form          |       |       |     3 ||     3
Invok: Lunge             |       |    18 |    11 ||    29
       Whirlwind         |       |    21 |     4 ||    25
 Abil: End Transformatio |       |       |     1 ||     1
  Use: Scroll            |       |     9 |       ||     9
       Potion            |       |     7 |     2 ||     9
 Stab: Sleeping          |     1 |     8 |     7 ||    16
Armor: Robe              |     3 |    14 |    12 ||    29
       Skin              |       |     2 |    12 ||    14
Dodge: Dodged            |    42 |   104 |   116 ||   262

Levels and vault maps discovered:
D:1:      erik_arrival_cave_to_civilisation [erik_arrival_cave_to_hall],
          layout_basic, minmay_strange_pillars, kennysheep_small_spiral
D:2:      wad_crossroads, layout_basic, pdpol_wu_jian_five_deadly_venoms,
          uniq_terence
D:3:      layout_loops_ring, lemuel_crystal_altar, makhleb_blood_cavern_becter,
          gup_sewer_entry_glass, uniq_robin
D:4:      layout_gridville, nicolae_overflow_crystal_walls,
          overflow_temple_1_default, serial_shops, shop, uniq_ijyb
D:5:      layout_basic, lemuel_blue_sif_altar, minmay_temple_entry_antechambers,
          yredelemnul_altar_generic, uniq_sigmund
D:6:      layout_rooms, slow_altar_1, nicolae_dithmenos_through_a_glass_darkly
D:7:      layout_rooms, serial_shops, shop, uniq_menkaure

Notes
Turn   | Place    | Note
-------+----------+-------------------------------------------
     0 | D:1      | Dracia the Gnoll Transmuter began the quest for the Orb.
     0 | D:1      | Reached XP level 1. HP: 17/17 MP: 6/6
   427 | D:1      | Reached XP level 2. HP: 23/23 MP: 5/7
  1409 | D:2      | Reached skill level 5 in Spellcasting
  1409 | D:2      | Reached XP level 3. HP: 21/28 MP: 6/9
  1534 | D:2      | Reached skill level 1 in Invocations
  1551 | D:2      | Learned a level 2 spell: Wereblood
  1555 | D:2      | Learned a level 3 spell: Spider Form
  1655 | D:2      | Reached skill level 1 in Short Blades
  1655 | D:2      | Reached skill level 1 in Long Blades
  1655 | D:2      | Reached skill level 1 in Axes
  1655 | D:2      | Reached skill level 1 in Maces & Flails
  1655 | D:2      | Reached skill level 1 in Polearms
  1655 | D:2      | Reached skill level 1 in Staves
  1655 | D:2      | Reached skill level 1 in Slings
  1655 | D:2      | Reached skill level 1 in Bows
  1655 | D:2      | Reached skill level 1 in Crossbows
  1655 | D:2      | Reached skill level 1 in Throwing
  1655 | D:2      | Reached skill level 1 in Armour
  1655 | D:2      | Reached skill level 1 in Stealth
  1655 | D:2      | Reached skill level 1 in Shields
  1655 | D:2      | Reached skill level 1 in Evocations
  1734 | D:2      | Identified a scarf of resistance (You found it on level 1
                  | of the Dungeon)
  1741 | D:2      | Found an ornate altar of the Wu Jian Council.
  1825 | D:2      | Noticed a spectral centipede
  1825 | D:2      | Noticed a spectral black mamba
  1825 | D:2      | Noticed a spectral cane toad
  1826 | D:2      | Became a worshipper of the Wu Jian Council
  1951 | D:2      | Reached XP level 4. HP: 34/34 MP: 11/11
  2160 | D:2      | Noticed Terence
  2165 | D:2      | Killed Terence
  2166 | D:2      | Reached skill level 1 in Conjurations
  2166 | D:2      | Reached skill level 1 in Hexes
  2166 | D:2      | Reached skill level 1 in Summonings
  2166 | D:2      | Reached skill level 1 in Necromancy
  2166 | D:2      | Reached skill level 1 in Translocations
  2166 | D:2      | Reached skill level 1 in Fire Magic
  2166 | D:2      | Reached skill level 1 in Ice Magic
  2166 | D:2      | Reached skill level 1 in Air Magic
  2166 | D:2      | Reached skill level 1 in Earth Magic
  2166 | D:2      | Reached skill level 1 in Poison Magic
  2680 | D:3      | Found a glowing drain.
  2693 | D:3      | Reached XP level 5. HP: 40/40 MP: 8/12
  2705 | D:3      | Reached * piety under Wu Jian
  2708 | D:3      | Reached skill level 3 in Fighting
  2714 | Sewer    | Entered a sewer
  2870 | Sewer    | Reached skill level 4 in Transmutations
  2943 | Sewer    | Noticed a big kobold
  2955 | Sewer    | Killed a big kobold
  2956 | Sewer    | Reached skill level 2 in Invocations
  2956 | Sewer    | Reached XP level 6. HP: 31/47 MP: 11/13
  3112 | Sewer    | Learned a level 4 spell: Ice Form
  3118 | Sewer    | Learned a level 5 spell: Blade Hands
  3464 | D:3      | Found an ancient bone altar of Kikubaaqudgha.
  3566 | D:3      | Noticed Robin
  3578 | D:3      | Killed Robin
  3587 | D:3      | Reached ** piety under Wu Jian
  3589 | D:3      | Reached skill level 5 in Dodging
  3993 | D:3      | Found a burning altar of Makhleb.
  4001 | D:3      | Reached skill level 2 in Short Blades
  4001 | D:3      | Reached skill level 2 in Long Blades
  4001 | D:3      | Reached skill level 2 in Axes
  4001 | D:3      | Reached skill level 2 in Maces & Flails
  4001 | D:3      | Reached skill level 2 in Polearms
  4001 | D:3      | Reached skill level 2 in Staves
  4001 | D:3      | Reached skill level 2 in Slings
  4001 | D:3      | Reached skill level 2 in Bows
  4001 | D:3      | Reached skill level 2 in Crossbows
  4001 | D:3      | Reached skill level 2 in Throwing
  4001 | D:3      | Reached skill level 2 in Armour
  4001 | D:3      | Reached skill level 2 in Stealth
  4001 | D:3      | Reached skill level 2 in Shields
  4001 | D:3      | Reached skill level 2 in Evocations
  4201 | D:3      | Identified a potion of resistance
  4234 | D:4      | Found Nayg's Antique Weapon Shop.
  4581 | D:4      | Found a sacrificial altar of Ru.
  4752 | D:4      | Noticed Ijyb
  4769 | D:4      | Killed Ijyb
  4770 | D:4      | Reached XP level 7. HP: 31/52 MP: 15/15
  4978 | D:4      | Reached skill level 7 in Unarmed Combat
  5048 | D:4      | Found an iron altar of Okawaru.
  5289 | D:5      | Entered Level 5 of the Dungeon
  5345 | D:5      | Found a staircase to the Ecumenical Temple.
  5374 | D:5      | Found a basalt altar of Yredelemnul.
  5445 | D:5      | Reached skill level 2 in Conjurations
  5445 | D:5      | Reached skill level 2 in Hexes
  5445 | D:5      | Reached skill level 2 in Summonings
  5445 | D:5      | Reached skill level 2 in Necromancy
  5445 | D:5      | Reached skill level 2 in Translocations
  5445 | D:5      | Reached skill level 2 in Fire Magic
  5445 | D:5      | Reached skill level 2 in Ice Magic
  5445 | D:5      | Reached skill level 2 in Air Magic
  5445 | D:5      | Reached skill level 2 in Earth Magic
  5445 | D:5      | Reached skill level 2 in Poison Magic
  5780 | D:5      | Noticed Sigmund
  5788 | D:5      | Killed Sigmund
  5789 | D:5      | Reached skill level 3 in Invocations
  5980 | D:5      | Found a shimmering blue altar of Sif Muna.
  6125 | D:6      | Reached XP level 8. HP: 60/60 MP: 10/16
  6203 | D:6      | Reached skill level 4 in Fighting
  6203 | D:6      | Reached skill level 3 in Short Blades
  6203 | D:6      | Reached skill level 3 in Long Blades
  6203 | D:6      | Reached skill level 3 in Axes
  6203 | D:6      | Reached skill level 3 in Maces & Flails
  6203 | D:6      | Reached skill level 3 in Polearms
  6203 | D:6      | Reached skill level 3 in Staves
  6203 | D:6      | Reached skill level 3 in Slings
  6203 | D:6      | Reached skill level 3 in Bows
  6203 | D:6      | Reached skill level 3 in Crossbows
  6203 | D:6      | Reached skill level 3 in Throwing
  6203 | D:6      | Reached skill level 3 in Armour
  6203 | D:6      | Reached skill level 3 in Stealth
  6203 | D:6      | Reached skill level 3 in Shields
  6203 | D:6      | Reached skill level 3 in Evocations
  6286 | D:6      | Found a snail-covered altar of Cheibriados.
  6584 | D:6      | Found a shadowy altar of Dithmenos.
  6803 | D:7      | Found Zaoruodgh's Antique Weapon Shop.
  6814 | D:7      | Reached skill level 6 in Spellcasting
  6886 | D:7      | Reached *** piety under Wu Jian
  6898 | D:7      | Noticed Menkaure
  6906 | D:7      | Killed Menkaure
  6907 | D:7      | HP: 7/73 [killer bee (9)]
  6912 | D:7      | HP: 7/73 [killer bee (6)]
  6912 | D:7      | Slain by a killer bee

Vanquished Creatures
  Sigmund (D:5)
  Menkaure (D:7)
  A phantom (D:4)
  A sky beast (D:7)
  A big kobold (Sewer)
  A bullfrog (D:6)
  A scorpion (D:5)
  4 killer bees (D:7)
  An orc priest (D:6)
  3 hounds
  An iron imp (D:6)
  3 orc wizards
  Ijyb (D:4)
  Terence (D:2)
  2 worker ants (D:4)
  Robin (D:3)
  11 adders
  A shadow imp (D:4)
  A white imp (D:7)
  An ufetubus (D:6)
  An ooze (Sewer)
  2 adder skeletons
  3 worms
  3 dart slugs
  3 leopard geckos
  8 orcs
  3 bats
  10 giant cockroaches
  13 goblins
  7 hobgoblins
  14 jackals
  18 kobolds
  3 quokkas
  5 ball pythons
  7 frilled lizards
  A jackal skeleton (D:7)
  14 rats
153 creatures vanquished.

Table legend: (Time is in decaauts)
 A = Elapsed time spent in this place.
 B = Non-inter-level travel time spent in this place.
 C = Inter-level travel time spent in this place.
 D = Time resting spent in this place.
 E = Time spent auto-exploring this place.
 F = Levels seen in this place.
 G = Mean time per level.
                   A        B        C        D        E       F      G
               +--------+--------+--------+--------+--------+-----+--------+
         Total |   6882 |   6668 |    214 |    119 |   5580 |   8 |  860.2 |
       Dungeon |   6338 |   6124 |    214 |    119 |   5153 |   7 |  905.4 |
         Sewer |    544 |    544 |      0 |      0 |    427 |   1 |  544.0 |
               +--------+--------+--------+--------+--------+-----+--------+

Top non-repeatable levels by time:
     D:1: 1327 daAuts
     D:2: 1285 daAuts
     D:3: 1068 daAuts
     D:4: 1049 daAuts
     D:5: 775 daAuts
     D:6: 715 daAuts
   Sewer: 544 daAuts
     D:7: 117 daAuts

Table legend:
 A = Non-vault XP
 B = Vault XP
 C = Vault XP percentage of total XP
 D = Non-vault monster count
 E = Vault monster count
 F = Vault count percentage of total count
                 A         B        C        D         E       F
            +---------+---------+-------+---------+---------+-------
      Total |    1283 |     754 |  37.0 |     101 |      52 |  34.0
            +---------+---------+-------+---------+---------+-------
        D:1 |      17 |       3 |  15.0 |      10 |       2 |  16.7
        D:2 |      80 |      44 |  35.5 |      25 |       5 |  16.7
        D:3 |      89 |     106 |  54.4 |      18 |      17 |  48.6
        D:4 |     247 |      36 |  12.7 |      14 |       1 |   6.7
        D:5 |     158 |     220 |  58.2 |       9 |       1 |  10.0
        D:6 |     257 |      40 |  13.5 |      12 |       1 |   7.7
        D:7 |     435 |     169 |  28.0 |      13 |       1 |   7.1
      Sewer |       0 |     136 | 100.0 |       0 |      24 | 100.0
            +---------+---------+-------+---------+---------+-------
